 Dungeon Crawl Stone Soup version 0.26-a0-996-g6b303dbc09 (webtiles) character file.

Game seed: 8234839100910278972

8 EiAlmux the Stinger (level 2, 7/19 HPs)
             Began as a Formicid Venom Mage on Dec 6, 2020.
             Quit the game on level 1 of the Dungeon.
             The game lasted 00:03:56 (473 turns).

EiAlmux the Stinger (Formicid Venom Mage)            Turns: 473, Time: 00:03:56

Health: 7/19       AC:  3    Str: 12    XL:     2   Next: 15%
Magic:  5/5        EV: 11    Int: 14    God:
Gold:   49         SH:  0    Dex: 11    Spells: 4/5 levels left

rFire    . . .     SeeInvis +   b - +0 dagger
rCold    . . .     Faith    .   (no shield)
rNeg     . . .     Spirit   .   c - +0 leather armour (curse)
rPois    .         Reflect  .   (helmet unavailable)
rElec    .         Harm     .   (no cloak)
rCorr    .         Rampage  .   (no gloves)
MR       .....                  (no boots)
Stlth    ++........             (no amulet)
HPRegen  0.06/turn              (no ring)
MPRegen  0.09/turn              (no ring)

@: no status effects
A: permanent stasis, dig shafts and tunnels, four strong arms, antennae 3
a: Dig, Shaft Self


You were on level 1 of the Dungeon.
You visited 1 branch of the dungeon, and saw 1 of its levels.

You collected 49 gold pieces.

Inventory:

Hand Weapons
 b - a +0 dagger (weapon)
Armour
 a - a +0 robe
 c - a cursed +0 leather armour (worn)


   Skills:
 - Level 1.8 Dodging
 + Level 2.7 Stealth
 + Level 2.3 Spellcasting
 + Level 1.4 Transmutations
 + Level 4.2 Poison Magic


You had 4 spell levels left.
You knew the following spells:

 Your Spells              Type           Power        Failure   Level
a - Sting                 Tmut/Pois      #...         9%          1

Your spell library contained the following spells:

 Spells                   Type           Power        Failure   Level
 Poisonous Vapours        Pois/Air       #.....       19%         2
 Ignite Poison            Fire/Tmut/Pois #.......     38%         3
 Mephitic Cloud           Conj/Pois/Air  #.......     45%         3
 Olgreb's Toxic Radiance  Pois           ##......     45%         4


Dungeon Overview and Level Annotations

Branches:
Dungeon (1/15)

Altars:


Innate Abilities, Weirdness & Mutations

You cannot be hasted, slowed, berserked, paralysed or teleported.
You can dig through walls and to a lower floor.
Your four strong arms can wield two-handed weapons with a shield.
You have a pair of large antennae on your head. (SInv)


Message History

You are too injured to fight recklessly!
You are too injured to fight recklessly!
You are too injured to fight recklessly!
You are too injured to fight recklessly!
You barely miss the hobgoblin.
The hobgoblin is severely wounded.
The hobgoblin hits you but does no damage.
You completely miss the hobgoblin.
The hobgoblin is severely wounded.
The hobgoblin hits you but does no damage.
You hit the hobgoblin.
You kill the hobgoblin!
Things that are here:
a +0 club; a hobgoblin corpse
Okay, then.
Unknown command.
Save game and exit?
Welcome back, EiAlmux the Formicid Venom Mage.
Press ? for a list of commands and other information.
Are you sure you want to abandon this character and quit the game? (Confirm with "yes".)

... ..# #.# .. #####..
...# ..####.. #......
...### #....#.. .......
...... ....#..
.......##...... ......
?......#....... .....
.......#....#### #+#....
#......@.......###......
.......)..........#.####
..........#.......#.#...
..........#.......#.'...
.........##.......#.#...
.........##.......#.##'#
.
..(......##.......#.#...
..
.........##....####.#...
...
....................#...


There were no monsters in sight!

Vanquished Creatures
  3 goblins (D:1)
  A hobgoblin (D:1)
  2 kobolds (D:1)
  A frilled lizard (D:1)
7 creatures vanquished.

Notes
Turn   | Place    | Note
-------+----------+-------------------------------------------
     0 | D:1      | EiAlmux the Formicid Venom Mage began the quest for the
                  | Orb.
     0 | D:1      | Reached XP level 1. HP: 13/13 MP: 3/3
   359 | D:1      | Reached XP level 2. HP: 15/19 MP: 1/5
   473 | D:1      | Quit the game

Illustrated notes

Levels and vault maps discovered:
D:1:      co_arrival_random_square_maze, layout_basic

Action                   || total
-------------------------++-------
Melee: Unarmed           ||    12
       Dagger            ||    14
 Cast: Sting             ||     4
 Abil: Dig               ||     2
 Stab: Sleeping          ||     1
Armor: Leather armour    ||     2
       Robe              ||     1
Dodge: Dodged            ||    14

Table legend: (Time is in decaauts)
 A = Elapsed time spent in this place.
 B = Non-inter-level travel time spent in this place.
 C = Inter-level travel time spent in this place.
 D = Time resting spent in this place.
 E = Time spent auto-exploring this place.
 F = Levels seen in this place.
 G = Mean time per level.
                   A        B        C        D        E       F      G
               +--------+--------+--------+--------+--------+-----+--------+
         Total |    472 |    430 |     42 |     30 |    302 |   1 |  472.0 |
       Dungeon |    472 |    430 |     42 |     30 |    302 |   1 |  472.0 |
               +--------+--------+--------+--------+--------+-----+--------+

Top non-repeatable levels by time:
     D:1: 472 daAuts
